 Dungeon Crawl Stone Soup version 0.25-a0-458-g6fc7858 (webtiles) character file.

Game seed: 15498959389370927819, levelgen mode: deterministic

53 NeededCrab the Firebug (level 3, -10/29 HPs)
             Began as a Draconian Fire Elementalist on Feb 2, 2020.
             Mangled by Terence
             ... wielding a +0 mace of distortion
              (26 damage)
             ... on level 2 of the Dungeon.
             The game lasted 00:09:10 (1356 turns).

NeededCrab the Firebug (DrFE)                       Turns: 1356, Time: 00:09:11

Health: -10/29     AC:  5    Str: 10    XL:     3   Next: 64%
Magic:  0/6        EV: 12    Int: 16    God:
Gold:   49         SH:  0    Dex: 11    Spells: 2/6 levels left

rFire    . . .     SeeInvis .   e - +0 club
rCold    . . .     Gourm    .   (no shield)
rNeg     . . .     Faith    .   (armour unavailable)
rPois    .         Spirit   .   (helmet restricted)
rElec    .         Reflect  .   (no cloak)
rCorr    .         Harm     .   (no gloves)
MR       .....                  (no boots)
Stlth    ++........             (no amulet)
HPRegen  0.09/turn              (no ring)
MPRegen  0.10/turn              (no ring)

@: no status effects
A: unfitting armour, cold-blooded, AC +5
a: no special abilities


You were on level 2 of the Dungeon.
You were not hungry.

You visited 1 branch of the dungeon, and saw 2 of its levels.

You collected 49 gold pieces.

Inventory:

Hand Weapons
 e - a +0 club (weapon)
Missiles
 j - 35 poisoned darts (quivered)
Scrolls
 c - a scroll of random uselessness {unknown}
 d - a scroll of remove curse {unknown}
Potions
 a - a potion of mutation {unknown}
 f - a potion of degeneration {unknown}
 g - a potion of heal wounds {unknown}
 h - a potion of resistance {unknown}
 i - 2 potions of curing {unknown}
Comestibles
 b - 3 rations
 k - 4 chunks of flesh


   Skills:
 * Level 2.0 Fighting
 - Level 1.7 Dodging
 - Level 1.7 Stealth
 - Level 2.0 Spellcasting
 * Level 2.1 Conjurations
 * Level 3.6 Fire Magic


You had 2 spell levels left.
You knew the following spells:

 Your Spells              Type           Power        Failure   Level  Hunger
a - Foxfire               Conj/Fire      ##..         6%          1    #......
b - Conjure Flame         Conj/Fire      ##......     19%         3    ###....

Your spell library contained the following spells:

 Spells                   Type           Power        Failure   Level  Hunger
 Inner Flame              Hex/Fire       #.......     30%         3    ###....
 Sticky Flame             Conj/Fire      ##......     54%         4    #####..
 Fireball                 Conj/Fire      ##........   87%         5    ######.


Dungeon Overview and Level Annotations

Branches:
Dungeon (2/15)

Altars:

Annotations:
D:2 Terence


Innate Abilities, Weirdness & Mutations

Your plain brown scales are hard. (AC +5)
You cannot fit into any form of body armour.
You are cold-blooded and may be slowed by cold attacks.


Message History

You kill the frilled lizard!
You barely miss the dart slug.
The dart slug is heavily wounded.
The dart slug barely misses you.
You hit the dart slug.
The dart slug is almost dead.
The dart slug launches a dart at you. The slug dart hits you.
You hit the dart slug.
You kill the dart slug!
Terence closely misses you.
You barely miss Terence.
Terence is heavily wounded.
Terence hits you but does no damage. Space warps horribly around you.
Casting: Foxfire (safe; 6% risk of failure)
Confirm with . or Enter, or press ? or * to list all spells.
You conjure some foxfire!
Terence hits you but does no damage. Space warps horribly around you!!
Ouch! That really hurt!
You die...

### #v##
###.#@########
#..###@#......
#.#.#†......#
#.##r#.#.##.#
#.##.#.#.#
####r##l....#
###..@....#.##
###...##l##.#..
#
#........##.####


You could see Terence.

Vanquished Creatures
  2 oozes (D:1)
  3 dart slugs
  A leopard gecko (D:2)
  2 giant cockroaches
  7 goblins (D:1)
  6 hobgoblins (D:1)
  2 jackals (D:2)
  A quokka (D:2)
  A ball python (D:1)
  4 bats (D:1)
  A frilled lizard (D:2)
  4 kobolds (D:1)
  A rat (D:1)
35 creatures vanquished.

Vanquished Creatures (others)
  96 foxfires
96 creatures vanquished.

Grand Total: 131 creatures vanquished

Notes
Turn   | Place    | Note
-------+----------+-------------------------------------------
     0 | D:1      | NeededCrab the Draconian Fire Elementalist began the quest
                  | for the Orb.
     0 | D:1      | Reached XP level 1. HP: 14/14 MP: 3/3
   206 | D:1      | Reached skill level 1 in Fighting
   206 | D:1      | Reached XP level 2. HP: 23/23 MP: 0/5
   492 | D:1      | Reached XP level 3. HP: 28/28 MP: 0/6
   562 | D:1      | Learned a level 3 spell: Conjure Flame
  1203 | D:2      | Noticed Terence
  1356 | D:2      | Mangled by Terence

Levels and vault maps discovered:
D:1:      dpeg_arrival_morbid_curiosity, layout_basic
D:2:      layout_loops_cross, nicolae_dithmenos_shadow_blocks, uniq_robin,
          uniq_jessica, uniq_terence

Skill      XL: |  1  2  3 |
---------------+----------+-----
Fighting       | 1 2 |  2.0
Conjurations   | 2 |  2.1
Dodging        | |  1.7
Stealth        | |  1.7
Spellcasting   | |  2.0
Fire Magic     | |  3.6

Action                   || total
-------------------------++-------
Melee: Unarmed           ||     1
       Club              ||    13
 Cast: Foxfire           ||    63
  Eat: Chunk             ||     2
Armor: Skin              ||    11
Dodge: Dodged            ||    30

Table legend:
 A = Non-vault XP
 B = Vault XP
 C = Vault XP percentage of total XP
 D = Non-vault monster count
 E = Vault monster count
 F = Vault count percentage of total count
                 A         B        C        D         E       F
            +---------+---------+-------+---------+---------+-------
      Total |      69 |       8 |  10.4 |      30 |       5 |  14.3
            +---------+---------+-------+---------+---------+-------
        D:1 |      53 |       8 |  13.1 |      23 |       5 |  17.9
        D:2 |      16 |       0 |   0.0 |       7 |       0 |   0.0
            +---------+---------+-------+---------+---------+-------
